 Dungeon Crawl Stone Soup version 0.29.1-12-g30fa7ad0bf (webtiles) character file.

Game seed: 13528733482449970349

39 soggyman666 the Chopper (level 3, -4/33 HPs)
             Began as a Minotaur Fighter on Dec 28, 2022.
             Killed by divine providence
             ... invoked by an orc priest
              (11 damage)
             ... on level 3 of the Dungeon.
             The game lasted 00:03:16 (1946 turns).

soggyman666 the Chopper (Minotaur Fighter)          Turns: 1946, Time: 00:03:18

Health: -4/33      AC:  9    Str: 22    XL:     3   Next: 26%
Magic:  2/2        EV:  7    Int:  5    God:
Gold:   102        SH:  4    Dex:  9    Spells: 2/2 levels left

rFire   . . .      SeeInvis .   a - +0 war axe
rCold   . . .      Faith    .   c - +0 buckler
rNeg    . . .      Spirit   .   g - +0 chain mail
rPois   .          Reflect  .   (helmet restricted)
rElec   .          Harm     .   (no cloak)
rCorr   .          Rampage  .   (no gloves)
Will    .....                   (no boots)
Stlth   ..........              (no amulet)
HPRegen 0.11/turn               (no ring)
MPRegen 0.08/turn               (no ring)

@: no status effects
A: horns 2, retaliatory headbutt
a: no special abilities


You were on level 3 of the Dungeon.
You visited 1 branch of the dungeon, and saw 3 of its levels.

You collected 102 gold pieces.

Inventory:

Hand Weapons
 a - a +0 war axe (weapon)
Missiles
 b - 2 silver javelins (quivered)
Armour
 c - a +0 buckler (worn)
 g - a +0 chain mail (worn)
Scrolls
 f - a scroll of blinking {unknown}
 h - a scroll of enchant armour {unknown}
 k - a scroll of teleportation {unknown}
 l - a scroll of identify {unknown}
Potions
 d - a potion of might
 e - a potion of heal wounds {unknown}
 i - a potion of ambrosia {unknown}
 j - a potion of invisibility {unknown}


   Skills:
 - Level 3.6 Fighting
 + Level 4.4 Axes
 - Level 3.6 Armour
 - Level 3.6 Shields


You had 2 spell levels left.
You didn't know any spells.
Your spell library contained the following spells:

 Spells                   Type           Power      Damage    Failure   Level
 Blink                    Tloc           0%         N/A       100%        2
 Ensorcelled Hibernation  Hex/Ice        0%         N/A       100%        2
 Lesser Beckoning         Tloc           0%         N/A       100%        3
 Spider Form              Tmut/Pois      0%         N/A       100%        3
 Anguish                  Hex/Necr       0%         N/A       100%        4
 Manifold Assault         Tloc           0%         N/A       100%        5


Dungeon Overview and Level Annotations

Branches:
Dungeon (3/15)

Altars:
Cheibriados
Nemelex Xobeh
The Shining One


Innate Abilities, Weirdness & Mutations

You have a pair of horns on your head.
You reflexively headbutt those who attack you in melee.


Message History

The orc wizard hits you but does no damage.
You hit the orc wizard but do no damage.
An orc comes into view. It is wielding a +0 mace.
The orc wizard casts a spell.
The orc wizard flickers and vanishes!
Deactivating autopickup; reactivate with Ctrl-A.
You miss something. You block something's attack. Something hits you.
You closely miss something. Your headbutt misses something.
You hear some strange, mumbled words.
Something tries to affect you, but you resist.
You block the orc's attack. Something hits you but does no damage.
You closely miss the orc. You headbutt the orc!
You kill the orc!
You miss something. Something hits you but does no damage.
An orc priest comes into view. It is wielding a +0 hand axe.
Something hits you but does no damage.
You miss something.
The orc priest shouts!
Your headbutt misses something.
The orc priest calls down the wrath of Beogh upon you.
Beogh smites you! Something hits you.
You barely miss something. Your headbutt misses something.
An orc comes into view. It is wielding a +0 flail.
Something hits you but does no damage.
You miss something. Something hits you.
You hit something.
You hear some strange, mumbled words.
A puff of flame appears from out of thin air!
The puff of flame hits you!
* * * LOW HITPOINT WARNING * * *
Something hits you.
* * * LOW HITPOINT WARNING * * *
You barely miss something. You hit the orc.
The orc is severely wounded.
You slash the orc priest!
The orc priest hits you but does no damage.
The orc priest mumbles some strange prayers to Beogh against you.
Beogh smites you!
You die...

.#....# ......##
..# .......## #.#
........# #.##
........+ ...#
....(...# #..#
.......## #{.#
#.....## # ###oo#
##...#######.#.!@.#
##..>.......#.##.#
#..### #......#
#..# #.#.####
###..# #.#.# .....#
#.#.# #....# #.#.#
##...# #.#.#
##..#######.#.#


You could see an orc priest and an orc.

Vanquished Creatures
  An orc (D:3)
  4 bats
  5 endoplasms
  2 giant cockroaches
  8 goblins
  2 hobgoblins
  2 quokkas
  2 ball pythons (D:2)
  5 frilled lizards
  2 rats (D:1)
33 creatures vanquished.

Vanquished Creatures (others)
  3 fungi (D:1)
  5 plants (D:1)
8 creatures vanquished.

Grand Total: 41 creatures vanquished

Notes
Turn   | Place    | Note
-------+----------+-------------------------------------------
     0 | D:1      | soggyman666 the Minotaur Fighter began the quest for the
                  | Orb.
     0 | D:1      | Reached XP level 1. HP: 19/19 MP: 0/0
    78 | D:1      | Reached skill level 3 in Axes
   210 | D:1      | Reached XP level 2. HP: 27/27 MP: 1/1
   558 | D:1      | Found a faded altar of an unknown god.
   977 | D:2      | Reached skill level 4 in Axes
  1178 | D:2      | Reached XP level 3. HP: 27/33 MP: 2/2
  1890 | D:3      | Found a sparkling altar of Nemelex Xobeh.
  1890 | D:3      | Found a glowing golden altar of the Shining One.
  1890 | D:3      | Found a snail-covered altar of Cheibriados.
  1946 | D:3      | Killed from afar by an orc priest

Illustrated notes

Levels and vault maps discovered:
D:1:      lemuel_arrival_lava_pool, layout_basic,
          shapermc_ecumenical_altar_mp_ritualfount
D:2:      layout_loops_ring, kennysheep_small_spiral, minmay_stone_trees_medium
D:3:      layout_loops_corners, chequers_temple_overflow_statue_of_worship,
          chequers_decorated_corner

Skill      XL: |  1  2 |
---------------+-------+-----
Axes           | 3 4 |  4.4
Fighting       | |  3.6
Armour         | |  3.6
Shields        | |  3.6

Action                   || total
-------------------------++-------
Melee: War axe           ||    75
       Headbutt          ||     8
Armor: Scale mail        ||     3
       Chain mail        ||    51
Dodge: Dodged            ||    29
Block: Buckler           ||    18
